 Dungeon Crawl Stone Soup version 0.24-a0-497-g5a03d68f59 (webtiles) character file.

Game seed: 18026680454422971563

115113 Inarius the Severer (level 16, -3/130 HPs)
             Began as a Demonspawn Hunter on July 12, 2019.
             Was the Champion of Trog.
             Shot with a bolt by Vashnia (6 damage)
             ... on level 2 of the Snake Pit on July 13, 2019.
             The game lasted 01:20:01 (33513 turns).

Inarius the Severer (Demonspawn Hunter)            Turns: 33513, Time: 01:20:01

Health: -3/130     AC: 25    Str: 25    XL:     16   Next: 17%
Magic:  0/7        EV: 13    Int: 14    God:    Trog [******]
Gold:   1648       SH: 13    Dex: 14    Spells: 15/15 levels left

rFire    + + .     SeeInvis .   b - +3 broad axe (antimagic)
rCold    . . .     Gourm    .   M - +2 shield
rNeg     . . .     Faith    .   F - +7 fire dragon scales "Wuamigg" {rF++ rC- Int+5 Stlth+}
rPois    +         Spirit   +   E - +2 hat {MR+}
rElec    .         Reflect  .   J - +1 cloak
rCorr    .         Harm     .   H - +0 pair of gloves {Str+3}
MR       ++++.                  (boots unavailable)
Stlth    ++........             B - amulet of Ekkaots {rPois Regen+ Str+4 Int-5 Stlth+}
HPRegen  1.71/turn              C - ring of protection from cold
MPRegen  0.10/turn              g - +2 ring of evasion

@: lethally poisoned (-3 -> -3), regenerating, hasted, very quick
A: hooves 3, rugged brown scales 1, demonic guardian 1, magic shield
a: Berserk, Trog's Hand, Brothers in Arms, Renounce Religion


You were on level 2 of the Snake Pit.
You worshipped Trog.
Trog was exalted by your worship.
You were hungry.

You visited 4 branches of the dungeon, and saw 25 of its levels.
You also visited: Gauntlet and Volcano.

You collected 3124 gold pieces.
You spent 1476 gold pieces at shops.

Inventory:

Hand Weapons
 a - a +3 broad axe of venom
 b - a +3 antimagic broad axe (weapon)
 V - the +7 flail of Biurch {venom, +Inv Int+4}
   (You found it on level 2 of the Lair of Beasts)

   It poisons the flesh of those it strikes.
   It affects your intelligence (+4).
   It lets you turn invisible.
Missiles
 r - 68 boomerangs
 N - a throwing net
 Q - 9 silver javelins (quivered)
Armour
 E - a +2 hat of magic resistance (worn)
 F - the +7 fire dragon scales "Wuamigg" (worn) {rF++ rC- Int+5 Stlth+}
   (You found it on level 2 of the Orcish Mines)

   It affects your intelligence (+5).
   It greatly protects you from fire.
   It makes you vulnerable to cold.
   It makes you more stealthy.
 H - a +0 pair of gloves of strength (worn)
 J - a +1 cloak (worn)
 M - a +2 shield (worn)
Jewellery
 g - a +2 ring of evasion (right hand)
 h - an uncursed ring of positive energy
 k - an uncursed ring of see invisible
 B - the amulet of Ekkaots (around neck) {rPois Regen+ Str+4 Int-5 Stlth+}
   (You found it on level 4 of the Lair of Beasts)

   [amulet of regeneration]

   It affects your strength (+4).
   It affects your intelligence (-5).
   It protects you from poison.
   It increases your rate of regeneration.
   It makes you more stealthy.
 C - a ring of protection from cold (left hand)
 W - an uncursed ring of protection from fire
Wands
 q - a wand of enslavement (3)
 t - a wand of digging (8)
 u - a wand of flame (41)
 w - a wand of paralysis (13)
 y - a wand of acid (8)
 U - a wand of disintegration (23)
 Z - a wand of clouds (7)
Scrolls
 j - 5 scrolls of teleportation
 l - 7 scrolls of enchant armour
 n - 11 scrolls of remove curse
 z - 6 scrolls of fog
 G - 7 scrolls of magic mapping
 L - 3 scrolls of identify
 O - 4 scrolls of immolation
 S - 2 scrolls of silence
 Y - 4 scrolls of blinking
Potions
 d - a potion of berserk rage
 m - a potion of might
 o - 4 potions of haste
 p - 3 potions of magic
 s - 2 potions of agility
 v - 2 potions of mutation
 x - 2 potions of ambrosia
 A - 4 potions of heal wounds
 D - 7 potions of curing
 I - 2 potions of cancellation
 K - a potion of flight
 R - a potion of resistance
Miscellaneous
 c - 2 phantom mirrors
 P - 2 boxes of beasts
 T - a lightning rod (4/4)
 X - a phial of floods
Comestibles
 f - 38 rations
 i - 7 chunks of flesh


   Skills:
 + Level 11.8 Fighting
   Level 1.0 Short Blades
 * Level 17.5 Axes
 + Level 7.2 Throwing
 + Level 9.6 Armour
 + Level 4.3 Dodging
 + Level 2.6 Stealth
 + Level 6.9 Shields
 + Level 10.3 Evocations


You had 15 spell levels left.
You didn't know any spells.
Your spell library was empty.

Dungeon Overview and Level Annotations

Branches:
Dungeon (15/15)            Temple (0/1) D:5            Lair (6/6) D:9
  Swamp (0/4) Lair:3        Snake (2/4) Lair:3        Slime (0/5) Lair:6
    Orc (2/2) D:11            Elf (0/3) Orc:2        Vaults (0/5) D:14
 Depths (0/5) D:15

Altars:
Ashenzari
Fedhas
Hepliaklqana
Nemelex Xobeh
Okawaru
Qazlal
Trog
Wu Jian
Xom
Yredelemnul
Beogh

Shops:
Orc:2 =[?*   Snake:1 !

Portals:
Trove: D:13 (give horn of Geryon)

Annotations:
D:7 5 runed translucent doors
D:10 1 runed translucent door, mhoghedin's ghost, novice MiCK
Lair:2 2 transporters, Miucotz's ghost, journeyman TrMo
Lair:3 1 runed translucent door, Geekaech's ghost, journeyman DsFi
Snake:2 Vashnia


Innate Abilities, Weirdness & Mutations

You have hooves in place of feet.
You are partially covered in rugged brown scales. (AC +1, +3% HP)
A weak demonic guardian rushes to your aid.
When hurt, damage is shared between your health and your magic reserves.


Message History

You are more poisoned.
You resist.
* * * LOW HITPOINT WARNING * * *
The naga sharpshooter mumbles some strange words.
The naga sharpshooter magically shoots a bolt.
You block the bolt.
The naga sharpshooter shoots an arrow.
You block the arrow.
Things that are here:
an arrow; 3 bolts Unknown command.
You slash the naga sharpshooter!
The naga sharpshooter's magic leaks into the air.
Your kick misses the naga sharpshooter.
The naga sharpshooter is moderately wounded.
You closely miss the naga sharpshooter.
You feel sick.
Your ufetubus hits the naga sharpshooter.
Your ufetubus closely misses the naga sharpshooter.
Vashnia shoots a bolt.
The bolt hits you!!!
* * * LOW HITPOINT WARNING * * *
The bolt burns you.
You die...

# # ############
########## #..(.......#
........># #..........#
########.####($........#
########.!.##.).)......#
#..........##.()N5.....#
#.######.####(.(@......#
#<.#.......((((N..N....#
#(.#.###..###..........#
...#.#......#.##########
##.#....#.#.#.#
.#.######...#.#
.#.)........#.#
.#########.##.#
##......##.##.#


You could see Vashnia, 2 naga sharpshooters and a friendly ufetubus.

Vanquished Creatures
  2 orc warlords (Orc:2)
  Snorg (Lair:5)
  2 fire dragons (Lair:6)
  A vault guard (D:14)
  6 hydras
  5 naga warriors
  2 anacondas
  A death knight (D:14)
  Erica (Lair:2)
  4 centaur warriors
  An ogre mage (Volcano)
  7 two-headed ogres
  4 death yaks (Lair:5)
  A tengu warrior (D:15)
  A vampire mage (D:15)
  2 shock serpents (Snake:1)
  8 naga sharpshooters
  A skeletal warrior (D:14)
  2 wizards (D:14)
  2 unseen horrors
  2 orc knights (Orc:2)
  5 lindwurms
  3 necromancers
  A salamander (shapeshifter) (D:9)
  3 mana vipers (Snake:1)
  A deep elf mage (D:15)
  8 salamanders
  10 orc sorcerers (Orc:2)
  4 cyclopes
  2 frost giant zombies (D:15)
  4 ugly things
  A manticore (D:15)
  8 slime creatures
  10 elephants
  Maurice (Orc:1)
  Joseph (D:7)
  A frost giant skeleton (D:15)
  3 naga magi
  4 torpor snails
  2 molten gargoyles (Volcano)
  9 black mambas
  Psyche (D:8)
  A gargoyle (D:10)
  3 kobold demonologists (D:14)
  5 spiny frogs
  A minotaur zombie (Gauntlet)
  A guardian mummy (D:15)
  10 komodo dragons
  A rime drake (Lair:6)
  3 freezing wraiths
  An efreet (D:15)
  A tengu conjurer (D:14)
  8 trolls
  2 polar bears
  3 meliai (D:13)
  A raiju (Gauntlet)
  4 tyrant leeches
  6 hornets
  An ettin zombie (D:15)
  6 blink frogs
  2 dream sheep (Lair:3)
  9 hippogriffs
  2 shadows
  A spriggan (D:7)
  A vampire (D:15)
  39 yaks
  4 wyverns
  18 humans (D:14)
  4 wraiths
  A hungry ghost (D:12)
  Grum (Lair:1)
  4 basilisks
  5 steam dragons
  2 vampire mosquitoes (Lair:3)
  15 nagas
  Menkaure (D:7)
  2 insubstantial wisps (Lair:3)
  4 swamp worms
  7 wargs
  10 water moccasins
  2 acid dragons
  4 porcupines
  3 ice beasts
  24 orc warriors
  2 swamp drakes
  3 eyes of draining
  4 sky beasts
  2 black bears
  4 phantoms
  A necrophage (D:11)
  11 ogres
  8 wolves
  11 crocodiles
  7 centaurs
  16 bullfrogs
  A gnoll sergeant (D:9)
  5 big kobolds
  A wyvern zombie (D:7)
  A wyvern skeleton (D:13)
  9 scorpions
  3 wights (D:13)
  4 electric eels
  A howler monkey (D:7)
  A bullfrog zombie (D:10)
  5 crimson imps
  A quasit (D:12)
  4 lava snakes
  7 centaur zombies
  5 centaur skeletons
  7 hounds
  8 orc priests
  3 jellies
  37 orc wizards
  Crazy Yiuf (D:7)
  Jessica (D:2)
  3 bullfrog skeletons
  6 iguanas
  Natasha (thrice) (D:3)
  16 worker ants
  2 hound skeletons
  A worker ant zombie (D:8)
  9 gnolls
  15 adders
  4 shadow imps
  An ooze (D:4)
  3 adder skeletons
  2 dart slugs (D:1)
  6 leopard geckos
  98 orcs
  5 bats
  7 giant cockroaches
  2 gnoll zombies (D:4)
  6 goblins
  10 hobgoblins
  8 jackals
  26 kobolds
  3 quokkas
  8 frilled lizards
  A quokka skeleton (D:4)
  6 rats
  5 fungi
  4 plants
  A withered plant (D:15)
796 creatures vanquished.

Vanquished Creatures (collateral kills)
  A minotaur (Gauntlet)
  A two-headed ogre (D:12)
  A death knight (D:14)
  A naga sharpshooter (Snake:1)
  A hell knight (Volcano)
  A skeletal warrior (D:15)
  A swamp dragon (Lair:6)
  A wolf spider zombie (D:14)
  A deep elf mage (D:15)
  A torpor snail (Lair:6)
  A gargoyle (D:13)
  A spiny frog (Lair:6)
  A komodo dragon (Lair:2)
  A troll (Orc:2)
  2 blink frogs (Lair:3)
  2 hornets
  2 yaks
  A human (D:14)
  A vampire mosquito (Lair:3)
  A porcupine (Lair:1)
  A sky beast (D:5)
  A wolf (Lair:2)
  A centaur (D:6)
  A bullfrog (D:6)
  A scorpion (D:5)
  A howler monkey (D:5)
  An orc priest (Orc:2)
  A hound skeleton (D:6)
  2 gnolls
  An adder (D:4)
  A shadow imp (D:10)
  5 orcs
  A kobold (D:14)
41 creatures vanquished.

Vanquished Creatures (others)
  A naga warrior (Snake:2)
  A two-headed ogre (Volcano)
  A shock serpent (Snake:2)
  A torpor snail (Lair:6)
  A tyrant leech (Lair:6)
  A vampire mosquito (Lair:3)
  A swamp drake (Lair:3)
  An ogre (Orc:2)
  A crocodile (Lair:6)
  4 orc wizards (Orc:2)
  7 fungi
  16 plants
  3 withered plants (D:15)
39 creatures vanquished.

Grand Total: 876 creatures vanquished

Notes
Turn   | Place    | Note
-------+----------+-------------------------------------------
     0 | D:1      | Inarius the Demonspawn Hunter began the quest for the Orb.
     0 | D:1      | Reached XP level 1. HP: 16/16 MP: 1/1
   138 | D:1      | Gained mutation: You are partially covered in rugged brown
                  | scales. (AC +1, +3% HP) [demonic ancestry]
   138 | D:1      | Reached XP level 2. HP: 9/23 MP: 2/2
   503 | D:1      | Reached skill level 1 in Short Blades
   962 | D:1      | Reached XP level 3. HP: 21/28 MP: 3/3
  1191 | D:2      | Reached skill level 1 in Armour
  2099 | D:2      | Gained mutation: A weak demonic guardian rushes to your
                  | aid. [demonic ancestry]
  2099 | D:2      | Reached XP level 4. HP: 26/36 MP: 4/4
  2316 | D:2      | Noticed Jessica
  2332 | D:2      | Killed Jessica
  2348 | D:2      | Found a shimmering altar of Xom.
  2349 | D:2      | Found a hazy altar of Hepliaklqana.
  2349 | D:2      | Noticed a hell beast
  2350 | D:2      | Noticed a hell beast
  2350 | D:2      | Noticed a spectral ugly thing
  2651 | D:2      | Found a bloodstained altar of Trog.
  2659 | D:2      | Became a worshipper of Trog the Wrathful
  2879 | D:3      | Reached XP level 5. HP: 28/42 MP: 5/5
  3215 | D:3      | Noticed Natasha
  3222 | D:3      | Killed Natasha
  3222 | D:3      | Reached skill level 1 in Evocations
  3253 | D:3      | Noticed Natasha
  3277 | D:3      | Killed Natasha
  3277 | D:3      | Reached * piety under Trog
  3571 | D:3      | Noticed Natasha
  3586 | D:3      | Killed Natasha
  3728 | D:4      | Reached skill level 1 in Shields
  4019 | D:4      | Found a basalt altar of Yredelemnul.
  4101 | D:4      | Noticed an ogre
  4105 | D:4      | Killed an ogre
  4105 | D:4      | Reached XP level 6. HP: 49/49 MP: 7/7
  4192 | D:4      | Reached skill level 1 in Axes
  4890 | D:5      | Entered Level 5 of the Dungeon
  4900 | D:5      | Gained mutation: You have large cloven feet. [demonic
                  | ancestry]
  4900 | D:5      | Reached XP level 7. HP: 25/56 MP: 8/8
  4903 | D:5      | Reached skill level 2 in Axes
  5384 | D:5      | Reached skill level 3 in Axes
  5682 | D:5      | Reached ** piety under Trog
  5870 | D:5      | Reached skill level 4 in Axes
  5914 | D:5      | Found a staircase to the Ecumenical Temple.
  6461 | D:6      | Reached XP level 8. HP: 60/62 MP: 9/9
  6599 | D:6      | Reached skill level 5 in Fighting
  6673 | D:6      | Found a shattered altar of Ashenzari.
  6684 | D:6      | Reached skill level 5 in Axes
  7060 | D:7      | Noticed Menkaure
  7067 | D:7      | Killed Menkaure
  7067 | D:7      | Reached skill level 6 in Axes
  7234 | D:7      | Noticed Joseph
  7247 | D:7      | Killed Joseph
  7247 | D:7      | Reached XP level 9. HP: 47/70 MP: 11/11
  7388 | D:7      | Reached skill level 7 in Axes
  7549 | D:7      | Reached *** piety under Trog
  7564 | D:7      | Found the +9 staff of Olgreb {rPois}
  7676 | D:7      | Found a runed translucent gate.
  7676 | D:7      | Found a runed translucent gate.
  7677 | D:7      | Found a runed translucent door.
  7687 | D:7      | Found a runed translucent gate.
  7690 | D:7      | Found a runed translucent door.
  7843 | D:7      | Found a stormy altar of Qazlal.
  7866 | D:7      | Found a runed translucent door.
  7867 | D:7      | Noticed Crazy Yiuf
  7881 | D:7      | Paralysed by Crazy Yiuf for 4 turns
  7885 | D:7      | Killed Crazy Yiuf
  8146 | D:7      | Found an iron altar of Okawaru.
  8270 | D:8      | Noticed a two-headed ogre
  8284 | D:8      | Killed a two-headed ogre
  8284 | D:8      | Reached skill level 8 in Axes
  8284 | D:8      | Reached skill level 5 in Armour
  8643 | D:8      | Noticed Psyche
  8649 | D:8      | Killed Psyche
  8649 | D:8      | Reached skill level 9 in Axes
  8649 | D:8      | Gained mutation: When hurt, damage is shared between your
                  | health and your magic reserves. [demonic ancestry]
  8649 | D:8      | Reached XP level 10. HP: 78/78 MP: 12/12
  9091 | D:8      | Found a sparkling altar of Nemelex Xobeh.
  9423 | D:9      | Found a staircase to the Lair.
  9470 | D:9      | You fall into a shaft and drop 2 floors!
  9548 | D:10     | Entered Level 10 of the Dungeon
  9567 | D:10     | Reached **** piety under Trog
  9576 | D:10     | Received a gift from Trog
 10168 | D:10     | Noticed a centaur warrior
 10177 | D:10     | Noticed a gargoyle
 10178 | D:10     | HP: 2/79 [centaur warrior/arrow (13)]
 10751 | D:10     | Reached skill level 5 in Throwing
 10824 | D:10     | Noticed a two-headed ogre
 10825 | D:10     | Noticed a centaur warrior
 10834 | D:10     | Noticed a mana viper
 10844 | D:9      | Noticed a guardian serpent
 10844 | D:9      | a mana viper changed into a guardian serpent
 11136 | D:10     | Killed a gargoyle
 11143 | D:10     | Killed a two-headed ogre
 11143 | D:10     | Reached skill level 10 in Axes
 11148 | D:10     | Received a gift from Trog
 11297 | D:9      | Noticed a salamander
 11306 | D:9      | Killed a salamander
 11764 | D:10     | Killed a centaur warrior
 11764 | D:10     | Reached XP level 11. HP: 69/86 MP: 11/14
 11818 | D:10     | Killed a centaur warrior
 11992 | D:10     | You fall into a shaft and drop 1 floor!
 12197 | D:10     | Found a runed translucent door.
 12197 | D:10     | Found a shimmering altar of Xom.
 12197 | D:10     | Noticed a +0 flail of chaos
 12197 | D:10     | Noticed mhoghedin's ghost (novice MiCK)
 12217 | D:10     | Received a gift from Trog
 12475 | D:11     | Found a staircase to the Orcish Mines.
 12690 | D:11     | Reached skill level 11 in Axes
 13284 | D:11     | Noticed a two-headed ogre
 13297 | D:11     | Killed a two-headed ogre
 13297 | D:11     | Reached skill level 5 in Evocations
 13431 | D:11     | Upgraded the game from 0.24-a0-493-g7e4ddcd485 to
                  | 0.24-a0-497-g5a03d68f59
 13494 | Lair:1   | Entered Level 1 of the Lair of Beasts
 13673 | Lair:1   | Noticed Grum
 13686 | Lair:1   | Killed Grum
 13695 | Lair:1   | Reached ***** piety under Trog
 14746 | Lair:2   | Got a smoking flail
 14804 | Lair:2   | Found a gate leading to a gauntlet.
 14813 | Lair:2   | Noticed Erica
 14837 | Gauntlet | Entered a Gauntlet
 14837 | Gauntlet | Found a runed translucent door.
 14837 | Gauntlet | Found a transporter.
 14837 | Gauntlet | Found a runed translucent door.
 14844 | Gauntlet | Found a transporter.
 14846 | Gauntlet | Found a transporter.
 14855 | Gauntlet | Found a transporter.
 14857 | Gauntlet | Found a transporter.
 14861 | Gauntlet | Found a runed translucent door.
 14863 | Gauntlet | Found a runed translucent door.
 14865 | Gauntlet | Found a transporter.
 14874 | Gauntlet | Noticed an obsidian statue
 14878 | Gauntlet | Noticed a death yak
 14878 | Gauntlet | Noticed a death yak
 14878 | Gauntlet | Noticed a death yak
 14878 | Gauntlet | Noticed a necromancer
 14879 | Gauntlet | Noticed a death yak
 14881 | Gauntlet | Found a transporter.
 14891 | Gauntlet | Found a transporter.
 14902 | Gauntlet | Found a transporter.
 14914 | Gauntlet | Noticed a balrug
 14916 | Gauntlet | Found a transporter.
 14930 | Gauntlet | Found a transporter.
 14930 | Gauntlet | Found a transporter.
 14978 | Gauntlet | Found a transporter.
 14992 | Gauntlet | Found a transporter.
 15384 | Gauntlet | Reached skill level 12 in Axes
 15983 | Gauntlet | Identified the +9 lajatang of the Final Shrikes {holy,
                  | Int+3 Dex+2}
 15983 | Gauntlet | Noticed a minotaur
 15991 | Gauntlet | Killed a minotaur
 15991 | Gauntlet | Reached XP level 12. HP: 51/96 MP: 9/16
 16483 | Lair:2   | Found a transporter.
 16548 | Lair:2   | Noticed a six-headed hydra
 16551 | Lair:2   | Noticed a catoblepas
 16558 | Lair:2   | Found a transporter.
 17107 | Lair:2   | Killed Erica
 17312 | Lair:2   | Noticed Miucotz's ghost (journeyman TrMo)
 18035 | Lair:3   | Found a staircase to the Snake Pit.
 18100 | Lair:3   | Received a gift from Trog
 18470 | Lair:3   | Noticed a seven-headed hydra
 18624 | Lair:2   | Identified the +7 flail of Biurch {venom, +Inv Int+4} (You
                  | found it on level 2 of the Lair of Beasts)
 18697 | Lair:3   | Found a runed translucent door.
 18699 | Lair:3   | Identified the cursed +0 spear "Cytoy" {protect, MR+ Str+4
                  | Int+4}
 18701 | Lair:3   | Noticed Geekaech's ghost (journeyman DsFi)
 19056 | Lair:3   | Noticed a five-headed hydra
 19068 | Lair:3   | Killed a five-headed hydra
 19692 | Lair:3   | Killed a seven-headed hydra
 19730 | Lair:3   | Found a staircase to the Swamp.
 19820 | Lair:4   | Reached skill level 13 in Axes
 19826 | Lair:4   | Found an ornate altar of the Wu Jian Council.
 20147 | Lair:4   | Gained mutation: You have hoof-like feet. [demonic
                  | ancestry]
 20147 | Lair:4   | Reached XP level 13. HP: 104/104 MP: 18/18
 20499 | Lair:5   | Noticed Snorg
 20533 | Lair:5   | Killed Snorg
 20610 | Lair:5   | Found a dark tunnel.
 20658 | Volcano  | Entered a volcano
 20895 | Volcano  | Found a radiant altar of Vehumet.
 21422 | Volcano  | Got a pair of faintly glowing boots
 21433 | Volcano  | Identified the +3 pair of boots of the Solstice {Int+3}
                  | (You found it in a volcano)
 21567 | Lair:5   | Reached skill level 10 in Fighting
 21594 | Lair:5   | Identified a scroll of acquirement
 22441 | Lair:6   | Entered Level 6 of the Lair of Beasts
 22844 | Lair:6   | Reached skill level 14 in Axes
 23434 | Lair:6   | Found a runed translucent door.
 23435 | Lair:6   | Noticed a fire dragon
 24167 | Lair:6   | Found a staircase to the Slime Pits.
 24918 | Lair:6   | Reached skill level 5 in Shields
 24928 | Lair:6   | Noticed a fire dragon
 24939 | Lair:6   | Gained mutation: You have hooves in place of feet. [demonic
                  | ancestry]
 24939 | Lair:6   | Reached XP level 14. HP: 112/114 MP: 13/20
 25195 | Lair:6   | Paralysed by a hornet for 1 turns
 25587 | Lair:4   | Got a flickering copper amulet
 25613 | Lair:4   | Identified the amulet of Ekkaots {rPois Regen+ Str+4 Int-5
                  | Stlth+} (You found it on level 4 of the Lair of Beasts)
 25618 | Lair:4   | Got a jewelled spear
 25871 | Orc:1    | Entered Level 1 of the Orcish Mines
 25894 | Orc:1    | Received a gift from Trog
 26124 | Orc:1    | Noticed Maurice
 26149 | Orc:1    | Killed Maurice
 26214 | Orc:1    | You fall into a shaft and drop 1 floor!
 26214 | Orc:2    | Entered Level 2 of the Orcish Mines
 26451 | Orc:2    | Found a staircase to the Elven Halls.
 26471 | Orc:2    | Found Qourch's Jewellery Emporium.
 26499 | Orc:2    | Found Jegeschicw's Armour Shop.
 26544 | Orc:2    | Received a gift from Trog
 26606 | Orc:2    | Received a gift from Trog
 26651 | Orc:2    | Found a roughly hewn altar of Beogh.
 26671 | Orc:2    | Reached ****** piety under Trog
 26673 | Orc:2    | Found Xiciunag's Magic Scroll Emporium.
 26673 | Orc:2    | Found Luiniac's Assorted Antiques.
 26708 | Orc:2    | Reached skill level 15 in Axes
 26763 | Orc:2    | Bought a scroll of teleportation for 48 gold pieces
 26763 | Orc:2    | Bought a scroll of enchant armour for 120 gold pieces
 26782 | Orc:2    | Bought a scroll of blinking for 180 gold pieces
 26782 | Orc:2    | Bought a scroll of identify for 48 gold pieces
 26791 | Orc:2    | Bought a scroll of identify for 32 gold pieces
 26791 | Orc:2    | Bought a scroll of identify for 32 gold pieces
 26791 | Orc:2    | Bought a scroll of identify for 32 gold pieces
 27131 | Orc:2    | Noticed an orc warlord
 27176 | Orc:2    | Killed an orc warlord
 27178 | Orc:2    | Received a gift from Trog
 27215 | Orc:2    | Noticed an orc warlord
 27246 | Orc:2    | Killed an orc warlord
 27632 | Orc:2    | Got scorched fire dragon scales
 27635 | Orc:2    | Got a jewelled scale mail
 27646 | Orc:2    | Identified the +6 scale mail of Quantum Leap {+Fly rF-
                  | rCorr Dex+3} (You found it on level 2 of the Orcish Mines)
 27656 | Orc:2    | Identified the +7 fire dragon scales "Wuamigg" {rF++ rC-
                  | Int+5 Stlth+} (You found it on level 2 of the Orcish Mines)
 27848 | Orc:2    | Bought a scroll of acquirement for 832 gold pieces
 27851 | Orc:2    | Got a smoking bone amulet
 28008 | D:12     | Identified the amulet "Hoaguipt" {Faith +Blink rPois rC+}
                  | (You acquired it on level 2 of the Orcish Mines)
 28083 | D:12     | Received a gift from Trog
 28869 | D:12     | Reached skill level 1 in Stealth
 29293 | D:13     | Reached XP level 15. HP: 116/121 MP: 19/21
 29520 | D:13     | Found a portal to a secret trove of treasure.
 29747 | D:14     | Reached skill level 16 in Axes
 29893 | D:14     | Received a gift from Trog
 30114 | D:14     | Found a blossoming altar of Fedhas.
 30309 | D:14     | Identified the +2 spear of Plunder {venom, *Rage rElec
                  | Dex+5 Stlth-} (You found it on level 4 of the Lair of
                  | Beasts)
 30575 | D:14     | Found a gate to the Vaults.
 30592 | D:14     | Received a gift from Trog
 30861 | D:15     | Entered Level 15 of the Dungeon
 31203 | D:15     | Found a staircase to the Depths.
 31500 | D:15     | Reached skill level 10 in Evocations
 31985 | Snake:1  | Entered Level 1 of the Snake Pit
 32114 | Snake:1  | Received a gift from Trog
 32121 | Snake:1  | Reached skill level 17 in Axes
 32370 | Snake:1  | Received a gift from Trog
 32503 | Snake:1  | Found Plog's Distillery.
 32513 | Snake:1  | Bought a potion of mutation for 152 gold pieces
 32977 | Snake:2  | Reached XP level 16. HP: 99/130 MP: 4/23
 33217 | Snake:2  | Received a gift from Trog
 33491 | Snake:2  | Noticed Vashnia
 33513 | Snake:2  | HP: 3/130 [Vashnia/bolt (34)]
 33513 | Snake:2  | Shot with a bolt by Vashnia

Levels and vault maps discovered:
D:1:      dpeg_arrival_orchard, layout_basic, serial_bayou_pond_a
D:2:      layout_basic, marbit_many_paths, regret_index_temple_of_mockery,
          hangedman_feature_mirror, uniq_jessica
D:3:      layout_basic, uniq_natasha
D:4:      layout_loops_ring, lemuel_zombie_altar_yredelemnul, first_ration
D:5:      layout_gridville, minmay_temple_entry_proselytizer
D:6:      layout_rooms, evilmike_ruin_ashenzari, minmay_misc_feat_chi
D:7:      layout_rooms, kennysheep_mini, basic_altar, the_bakery,
          minmay_guarded_unrand_staff_of_olgreb, uniq_crazy_yiuf_cottage,
          uniq_menkaure, uniq_joseph
D:8:      layout_basic, kennysheep_mini_moat, uniq_psyche
D:9:      layout_basic, lair_entry_dummy
D:10:     cheibrodos_fzero, layout_basic, ebering_ghost_xom,
          small_chamber_with_monster, minmay_holes
D:11:     layout_loops_ring, david_orc_2
D:12:     layout_gridville, serial_park_tiny_2
D:13:     layout_roguey, enter_trove_6
D:14:     layout_irregular_city, grunt_vaults_entry_tiered,
          chequers_serial_rivers_micro_e, fedhas_altar_3
D:15:     gammafunk_depths_entry_grave, layout_basic, chequers_arboretum
Lair:1:   statuecave_lemuel, layout_cave_pods, cheibrodos_lair_caveside_slide,
          minivault_11, uniq_grum
Lair:2:   beast_lair_carwin_large_2, layout_gridlike,
          gammafunk_ghost_berserking_beasts, gauntlet_entry_generic, uniq_erica
Lair:3:   layout_gridlike, palyth_hydra_swamp_entry,
          guppyfry_snake_entry_island, ebering_ghost_funeral_grove, pond,
          lemuel_fruit_tree, grunt_megastairs_2
Lair:4:   layout_small_grid, basic_altar, minmay_lindwurm_lava
Lair:5:   layout_cave_pods, nicolae_volcano_entry_two_sided, uniq_snorg
Lair:6:   guppyfry_lair_end_dragon, layout_cave_shapes, wormcave, slime_dummy,
          grunt_megastairs_5
Snake:1:  layout_concentric_octagons, serial_shops, shop,
          statue_in_the_mist_lemuel
Snake:2:  layout_basic, minmay_snake_pond, uniq_vashnia
Orc:1:    layout_caves, uniq_maurice
Orc:2:    st_orc_town, layout_diamond_mine, minmay_orc_treasury

Skill      XL: |  1  2  3  4  5  6  7  8  9 10 11 12 13 14 15 |
---------------+----------------------------------------------+-----
Dodging        | 2 3 4 |  4.3
Short Blades   | 1 |  1.0
Armour         | 1 2 3 4 5 6 7 8 9 |  9.6
Fighting       | 3 4 5 6 7 8 9 10 11 | 11.8
Evocations     | 1 2 3 4 5 6 8 9 10 | 10.3
Shields        | 1 2 3 4 5 6 |  6.9
Axes           | 1 4 6 9 10 12 13 14 15 17 | 17.5
Throwing       | 4 5 6 7 |  7.2
Stealth        | 1 2 |  2.6

Action                   |  1- 3 |  4- 6 |  7- 9 | 10-12 | 13-15 | 16-18 || total
-------------------------+-------+-------+-------+-------+-------+-------++-------
Melee: Short sword       |   167 |   143 |       |       |       |       ||   310
       War axe           |       |    61 |   320 |   769 |   595 |       ||  1745
       Kick              |       |       |   102 |   122 |   402 |    23 ||   649
       Flail             |       |       |       |    39 |    25 |       ||    64
       Broad axe         |       |       |       |       |   890 |    67 ||   957
Throw: Javelin           |       |    23 |     6 |    18 |    20 |       ||    67
       Boomerang         |       |     2 |    35 |    68 |    84 |       ||   189
       Throwing net      |       |       |     4 |     3 |       |       ||     7
Invok: Berserk           |       |       |     1 |    10 |    14 |       ||    25
       Trog's Hand       |       |       |       |     2 |    10 |     1 ||    13
 Abil: Evoke Berserk Rag |       |     2 |       |       |       |       ||     2
       Evoke Flight      |       |     1 |       |       |       |       ||     1
Evoke: Wand              |       |     1 |     1 |    59 |    43 |     7 ||   111
       Box of beasts     |       |       |       |     1 |     2 |       ||     3
       Phantom mirror    |       |       |       |     1 |       |       ||     1
  Use: Potion            |     1 |     3 |       |     4 |     2 |     3 ||    13
       Scroll            |       |     5 |     7 |    14 |    26 |     1 ||    53
 Stab: Held in net/web   |       |       |     2 |     1 |       |       ||     3
       Distracted        |       |       |     1 |     7 |    14 |       ||    22
       Paralysed         |       |       |       |    14 |    11 |       ||    25
       Confused          |       |       |       |     1 |       |       ||     1
       Sleeping          |       |       |       |       |     8 |     4 ||    12
  Eat: Chunk             |     4 |    11 |    13 |    40 |    44 |     2 ||   114
       Ration            |       |       |       |     2 |     5 |       ||     7
Armor: Leather armour    |    18 |       |       |       |       |       ||    18
       Scale mail        |    61 |    15 |       |       |       |       ||    76
       Chain mail        |       |   130 |   201 |   248 |   409 |       ||   988
       Plate armour      |       |       |       |   154 |    19 |       ||   173
       Fire dragon scale |       |       |       |       |   251 |    42 ||   293
Dodge: Dodged            |    96 |    85 |   105 |   235 |   448 |    20 ||   989
Block: Buckler           |    20 |    38 |    60 |    72 |   252 |       ||   442
       Shield            |       |       |       |   153 |   390 |    60 ||   603

Table legend:
 A = Non-vault XP
 B = Vault XP
 C = Vault XP percentage of total XP
 D = Non-vault monster count
 E = Vault monster count
 F = Vault count percentage of total count
                 A         B        C        D         E       F
            +---------+---------+-------+---------+---------+-------
      Total |  100825 |   63623 |  38.7 |     567 |     267 |  32.0
            +---------+---------+-------+---------+---------+-------
        D:1 |      44 |       0 |   0.0 |      22 |       0 |   0.0
        D:2 |     103 |      29 |  22.0 |      21 |       4 |  16.0
        D:3 |     121 |      28 |  18.8 |      23 |       1 |   4.2
        D:4 |     365 |       3 |   0.8 |      16 |       2 |  11.1
        D:5 |     667 |      41 |   5.8 |      22 |       1 |   4.3
        D:6 |     822 |       0 |   0.0 |      27 |       0 |   0.0
        D:7 |     472 |     827 |  63.7 |       7 |       4 |  36.4
        D:8 |    1876 |     366 |  16.3 |      30 |       1 |   3.2
        D:9 |     439 |     720 |  62.1 |       4 |       3 |  42.9
       D:10 |    2017 |    3328 |  62.3 |      35 |      13 |  27.1
       D:11 |    4344 |      18 |   0.4 |      37 |       6 |  14.0
       D:12 |    7965 |       0 |   0.0 |      38 |       0 |   0.0
       D:13 |    7367 |       0 |   0.0 |      30 |       0 |   0.0
       D:14 |   11065 |    7430 |  40.2 |      35 |      25 |  41.7
       D:15 |    8310 |    4183 |  33.5 |      23 |       8 |  25.8
     Lair:1 |    2984 |     381 |  11.3 |      17 |       3 |  15.0
     Lair:2 |    2129 |    2125 |  50.0 |      12 |       7 |  36.8
     Lair:3 |    2747 |    4390 |  61.5 |      16 |      17 |  51.5
     Lair:4 |    5083 |    2592 |  33.8 |      21 |       4 |  16.0
     Lair:5 |    6655 |    2262 |  25.4 |      19 |       8 |  29.6
     Lair:6 |    6465 |   10796 |  62.5 |      18 |      35 |  66.0
    Snake:1 |   16807 |       0 |   0.0 |      31 |       0 |   0.0
    Snake:2 |   10390 |    1463 |  12.3 |      25 |       5 |  16.7
      Orc:1 |     755 |     473 |  38.5 |      17 |       1 |   5.6
      Orc:2 |     833 |   15510 |  94.9 |      21 |     103 |  83.1
    Volcano |       0 |    4667 | 100.0 |       0 |       9 | 100.0
   Gauntlet |       0 |    1991 | 100.0 |       0 |       7 | 100.0
            +---------+---------+-------+---------+---------+-------
